 Dungeon Crawl Stone Soup version 0.27-a0-1177-g245c70e1c0 (webtiles) character file.

Game seed: 5339008899297051274

381535 st0uf the Metallomancer (level 22, -3/130 HPs)
             Began as a Gargoyle Earth Elementalist on May 15, 2021.
             Was the Champion of Vehumet.
             Slain by Mennas
             ... wielding a +4 sacred scourge of holy wrath
              (15 damage)
             ... on level 3 of the Vaults on May 16, 2021.
             The game lasted 10:04:08 (53574 turns).

st0uf the Metallomancer (GrEE)                     Turns: 53574, Time: 10:04:09

Health: -3/130     AC: 33    Str: 24    XL:     22   Next: 90%
Magic:  23/43      EV: 11    Int: 29    God:    Vehumet [******]
Gold:   651        SH: 18    Dex:  7    Spells: 3/56 levels left

rFire    + + +     SeeInvis .   I - +7 trident of Melaun {vorpal, Int+3}
rCold    + + +     Faith    .   b - +5 kite shield {reflect}
rNeg     + + +     Spirit   .   O - +0 troll leather armour
rPois    ∞         Reflect  +   D - +0 helmet "Othelash" {*Slow rElec rC+++ Str+6}
rElec    +         Harm     .   G - +0 cloak
rCorr    .         Rampage  .   y - +1 pair of gloves {Str+3}
Will     +++..                  M - +0 pair of boots "Ichail" {Drain rF+ Will++ Str+3}
Stlth    ++........             S - amulet of Divine Intervention {RegenMP rF++ rN+++ Dex-3}
HPRegen  1.31/turn              f - ring "Ruwy" {Wiz rN+++ Stlth+}
MPRegen  0.53/turn              B - +4 ring of protection

@: flying, glowing
A: sickness immunity, AC +16, big wings, negative energy resistance 1,
electricity resistance, torment resistance 1, petrification resistance
}: 2/15 runes: decaying, serpentine
a: Renounce Religion


You were on level 3 of the Vaults.
You worshipped Vehumet.
Vehumet was exalted by your worship.
You visited 8 branches of the dungeon, and saw 38 of its levels.
You visited 1 bazaar.
You also visited: Ossuary and Gauntlet.

You collected 4940 gold pieces.
You spent 4289 gold pieces at shops.

Inventory:

Hand Weapons
 a - the +5 spear of Hacking and Slashing {antimagic, +Blink rF+}
   (You found it on level 1 of the Elven Halls)

   It reduces the magical energy of the wielder, and disrupts the spells and
   magical abilities of those hit.
   Natural abilities and divine invocations are not affected.
   It protects you from fire.
   It lets you blink.
 t - the +7 lajatang of Order {silver, rMut}
   (You took it off a spriggan on level 3 of the Swamp)

   It protects you from mutation.
 I - the +7 trident of Melaun (weapon) {vorpal, Int+3}
   (You bought it in a shop on level 3 of the Snake Pit)

   It inflicts extra damage upon your enemies.
   It affects your intelligence (+3).
 K - a +2 flail of holy wrath
Missiles
 N - 6 throwing nets
Armour
 b - a +5 kite shield of reflection (worn)
 c - the +2 helmet "Wim Neixt" {rPois rF- Regen+ rCorr}
   (You found it in a Gauntlet)

   It makes you vulnerable to fire.
   It protects you from poison.
   It increases your rate of health regeneration.
   It protects you from acid and corrosion.
 y - a +1 pair of gloves of strength (worn)
 D - the +0 helmet "Othelash" (worn) {*Slow rElec rC+++ Str+6}
   (You found it on level 3 of the Elven Halls)

   It affects your strength (+6).
   It renders you almost immune to cold.
   It insulates you from electricity.
   It may slow you when you take damage.
 G - a +0 cloak (worn)
 M - the +0 pair of boots "Ichail" (worn) {Drain rF+ Will++ Str+3}
   (You bought it in a shop on level 2 of the Orcish Mines)

   It affects your strength (+3).
   It protects you from fire.
   It drains your maximum health when unequipped.
   It greatly increases your willpower.
 O - a +0 troll leather armour (worn)
Magical Staves
 W - a staff of fire
 Y - a staff of conjuration
Jewellery
 f - the ring "Ruwy" (left hand) {Wiz rN+++ Stlth+}
   (You bought it in a shop on level 2 of the Orcish Mines)

   [ring of wizardry]

   It improves your spell success rate.
   It renders you almost immune to negative energy.
   It makes you more stealthy.
 l - the ring "Neall" {rC+ Int+9}
   (You bought it in a shop in a bazaar)

   [ring of protection from cold]

   It affects your intelligence (+9).
   It protects you from cold.
 p - a ring of see invisible
 r - an amulet of regeneration
 B - a +4 ring of protection (right hand)
 P - a ring of protection from fire
 S - the amulet of Divine Intervention (around neck) {RegenMP rF++ rN+++ Dex-3}
   (You bought it in a shop on level 2 of the Orcish Mines)

   [amulet of magic regeneration]

   It increases your rate of magic regeneration.
   It affects your dexterity (-3).
   It greatly protects you from fire.
   It renders you almost immune to negative energy.
 T - a ring of ice
Wands
 C - a wand of digging (11)
Scrolls
 d - 3 scrolls of enchant armour
 e - 3 scrolls of summoning
 g - 5 scrolls of holy word
 i - 9 scrolls of enchant weapon
 j - 19 scrolls of teleportation
 o - 5 scrolls of vulnerability
 v - 9 scrolls of amnesia
 z - 6 scrolls of immolation
 A - 7 scrolls of blinking
 E - 6 scrolls of fog
 F - 4 scrolls of magic mapping
 H - 2 scrolls of acquirement
 Q - 8 scrolls of identify
 R - 7 scrolls of fear
 U - 4 scrolls of silence
 X - 4 scrolls of brand weapon
Potions
 h - 9 potions of might
 k - 14 potions of curing
 m - 13 potions of ambrosia
 n - 4 potions of brilliance
 q - 3 potions of mutation
 s - a potion of invisibility
 u - 4 potions of lignification
 w - 10 potions of heal wounds
 x - 8 potions of haste
 J - 2 potions of berserk rage
 L - 3 potions of magic
 V - 4 potions of cancellation
 Z - 5 potions of resistance


   Skills:
 + Level 11.5 Fighting
 - Level 1.0 Polearms
 - Level 4.0 Throwing
 - Level 11.6 Armour
 - Level 1.5 Dodging
 - Level 6.5 Stealth
 * Level 14.0 Shields
 + Level 17.7 Spellcasting
 + Level 16.9 Conjurations
 - Level 6.1 Translocations
 - Level 4.0 Transmutations
 + Level 8.8 Fire Magic
 - Level 2.0 Air Magic
 + Level 23.5 Earth Magic
 + Level 8.4 Poison Magic


You had 3 spell levels left.
You knew the following spells:

 Your Spells              Type           Power      Damage    Failure   Level
a - Lehudib's Crystal Sp  Conj/Erth      48%        10d12     1%          8
b - Stone Arrow           Conj/Erth      100%       3d13      0%          3
c - Passwall              Tmut/Erth      67%        N/A       0%          2
d - Poisonous Vapours     Pois/Air       100%       N/A       1%          2
e - Lee's Rapid Deconstr  Erth           52%        3d25*     0%          5
f - Blink                 Tloc           N/A        N/A       1%          2
g - Olgreb's Toxic Radia  Pois           65%        N/A       1%          4
h - Iron Shot             Conj/Erth      48%        9d9       1%          6
i - Iskenderun's Battles  Conj           89%        2d14      1%          5
j - Bolt of Magma         Conj/Fire/Erth 44%        4d18      1%          5
k - Fireball              Conj/Fire      39%        3d16      1%          5
l - Ignite Poison         Fire/Tmut/Pois 61%        N/A       1%          3
m - Mephitic Cloud        Conj/Pois/Air  68%        N/A       1%          3

Your spell library contained the following spells:

 Spells                   Type           Power      Damage    Failure   Level
 Shatter                  Erth           52%        3d39*     1%          9
 Chain Lightning          Conj/Air       34%        N/A       28%         8
 Fire Storm               Conj/Fire      39%        8d10      65%         9
 Foxfire                  Conj/Fire      100%       2x1d9     0%          1
 Magic Dart               Conj           100%       1d8       0%          1
 Sandblast                Erth           100%       2d20      0%          1
 Searing Ray              Conj           100%       3d7       0%          2
 Animate Skeleton         Necr           50%        N/A       1%          1
 Beastly Appendage        Tmut           96%        N/A       1%          1
 Pain                     Necr           100%       1d9       1%          1
 Shock                    Conj/Air       100%       1d9       1%          1
 Sting                    Tmut/Pois      100%       1d8       1%          1
 Call Imp                 Summ           25%        N/A       1%          2
 Slow                     Hex            25%        N/A       1%          2
 Static Discharge         Conj/Air       69%        N/A       1%          2
 Wereblood                Tmut           48%        N/A       1%          2
 Conjure Flame            Conj/Fire      79%        6-21      1%          3
 Dazzling Flash           Conj/Hex       100%       N/A       1%          3
 Frozen Ramparts          Ice            50%        1d7       1%          3
 Gell's Gravitas          Tloc           28%        N/A       1%          3
 Lesser Beckoning         Tloc           28%        N/A       1%          3
 Swiftness                Air            37%        N/A       1%          3
 Teleport Other           Tloc           57%        N/A       1%          3
 Confusing Touch          Hex            25%        N/A       2%          3
 Ozocubu's Armour         Ice            25%        N/A       2%          3
 Vampiric Draining        Necr           12%        2d7       2%          3
 Airstrike                Air            18%        N/A       1%          4
 Animate Armour           Summ/Erth      100%       N/A       1%          4
 Fulminant Prism          Conj/Hex       32%        3d16      1%          4
 Hailstorm                Conj/Ice       65%        3d14      1%          4
 Petrify                  Tmut/Erth      81%        N/A       1%          4
 Borgnjor's Vile Clutch   Necr/Erth      38%        N/A       1%          5
 Irradiate                Conj/Tmut      36%        3d25      1%          5
 Lightning Bolt           Conj/Air       34%        1d52      1%          5
 Manifold Assault         Tloc           57%        N/A       1%          5
 Conjure Ball Lightning   Conj/Air       34%        3x3d11    1%          6
 Starburst                Conj/Fire      39%        8x6d11    1%          6
 Ice Form                 Ice/Tmut       37%        N/A       3%          4
 Yara's Violent Unravell  Hex/Tmut       18%        3d9       3%          5
 Summon Lightning Spire   Summ/Air       31%        N/A       6%          4
 Summon Forest            Summ/Tloc      21%        N/A       6%          5
 Animate Dead             Necr           12%        N/A       9%          4
 Silence                  Hex/Air        15%        N/A       16%         5
 Agony                    Necr           25%        N/A       22%         5
 Metabolic Englaciation   Hex/Ice        12%        N/A       22%         5
 Summon Mana Viper        Hex/Summ       25%        N/A       22%         5
 Death Channel            Necr           12%        N/A       75%         6
 Shadow Creatures         Summ           N/A        N/A       75%         6
 Simulacrum               Ice/Necr       12%        N/A       75%         6
 Summon Hydra             Summ           12%        N/A       99%         7
 Tornado                  Air            18%        N/A       100%        9
 Statue Form              Tmut/Erth      Unusable   N/A       N/A         6

Dungeon Overview and Level Annotations

Branches:
Dungeon (15/15)            Temple (1/1) D:7            Lair (6/6) D:10
  Swamp (4/4) Lair:2        Snake (4/4) Lair:4        Slime (0/5) Lair:5
    Orc (2/2) D:11            Elf (3/3) Orc:2        Vaults (3/5) D:13
  Crypt (0/3) Vaults:3     Depths (0/5) D:15        Ossuary (visited)
Gauntlet (visited)

Altars:
Ashenzari
Cheibriados
Dithmenos
Elyvilon
Fedhas
Gozag
Hepliaklqana
Kikubaaqudgha
Makhleb
Nemelex Xobeh
Okawaru
Qazlal
Ru
Sif Muna
Trog
Uskayaw
Vehumet
Wu Jian
Xom
Yredelemnul
Zin
The Shining One

Shops:
D:6 :   D:9 ?   Orc:1 (   Orc:2 [=?*   Snake:3 ((*=   Vaults:2 =   Vaults:3 *

Portals:
Pandemonium: Orc:2

Annotations:
D:9 exclusion: 2 doors
Elf:1 6 runed translucent doors
Vaults:3 Mennas


Innate Abilities, Weirdness & Mutations

You are immune to sickness and miasma.
Your stone body is resilient. (AC +16)
You are immune to poison.
Your large and strong wings let you fly.
You resist negative energy. (rN+)
You are resistant to electric shocks. (rElec)
You are resistant to unholy torment.
You are immune to petrification.


Message History

Mennas hits you with a +4 sacred scourge of holy wrath!
* * * LOW HITPOINT WARNING * * *
Mennas hits you with a +4 sacred scourge of holy wrath!
* * * LOW HITPOINT WARNING * * *
You block Mennas's attack. Mennas closely misses you.
Mennas hits you but does no damage. You block Mennas's attack.
You are engulfed in blazing flames.
You resist. Mennas hits you but does no damage.
Mennas hits you with a +4 sacred scourge of holy wrath.
* * * LOW HITPOINT WARNING * * *
You are engulfed in blazing flames.
You resist.
* * * LOW HITPOINT WARNING * * *
Mennas becomes audible again.
Mennas hits you with a +4 sacred scourge of holy wrath.
* * * LOW HITPOINT WARNING * * *
Mennas hits you with a +4 sacred scourge of holy wrath.
* * * LOW HITPOINT WARNING * * *
Mennas gestures frantically.
You resist with some effort.
There is an empty arch of ancient stone here.
Mennas gestures frantically.
You resist with almost no effort.
You are engulfed in blazing flames.
You resist.
* * * LOW HITPOINT WARNING * * *
Mennas gestures frantically.
Mennas's surroundings become eerily quiet.
Mennas is caught in a moment of prayer.
You block Mennas's attack. x2
Mennas hits you but does no damage.
Mennas hits you with a +4 sacred scourge of holy wrath!
* * * LOW HITPOINT WARNING * * *
You block Mennas's attack. Mennas hits you but does no damage.
Mennas looks to the heavens.
Mennas hits you with a +4 sacred scourge of holy wrath.
* * * LOW HITPOINT WARNING * * *
Mennas hits you but does no damage.
Mennas becomes audible again.
Mennas closely misses you. You block Mennas's attack.
Mennas hits you with a +4 sacred scourge of holy wrath!
You die...

******** ##.(.## ####..... ##.##
##...#
############[##################'#
...............[.................
.............)...................
.................................
.................................
#################'####....#######
# #......@...##....# #
##.###.A....##....#
#########..°...○#...##....#
#.......#.○...○○#...##....# ***
'.......#○.°.○..#.>.##....#****,*
#.....<.#.○○.○..#...##....#*,,,,,
#.......#○°...°.#...#*,,,,**,****
#.......#..○..°○#####*,,,,**,*,,,
#.......#○°..○..# *,,,,+,,*,>,


You could see Mennas.

Vanquished Creatures
  Mara (Vaults:2)
  Vashnia (Snake:4)
  the Lernaean hydra (Swamp:4)
  Saint Roka (Vaults:1)
  Bai Suzhen (Elf:3)
  Boris (Vaults:2)
  A deep elf blademaster (Elf:2)
  3 deep elf master archers (Elf:3)
  Kirke (Swamp:3)
  3 nagarajas
  Roxanne (Snake:3)
  Donald (Vaults:2)
  3 orc warlords
  4 deep elf sorcerers (Elf:3)
  5 vault wardens
  Aizul (Snake:2)
  3 deep elf elementalists
  3 ghouls (Swamp:4)
  9 ironbound preservers
  12 very ugly things
  6 war gargoyles
  2 stone giants (Vaults:1)
  11 deep elf annihilators
  7 deep elf demonologists
  A minotaur (Gauntlet)
  5 dire elephants (Vaults:2)
  2 bunyips
  5 crystal guardians
  A shambling mangrove (Swamp:3)
  3 deep elf death magi
  Josephine (Lair:5)
  7 eleionomae
  9 yaktaur captains
  A fire dragon (D:15)
  27 hydras
  14 naga warriors
  5 deep elf high priests
  4 salamander tyrants (Snake:4)
  4 peacekeepers
  7 boulder beetles
  5 ironbound thunderhulks
  3 great orbs of eyes
  4 vault guards
  Harold (D:8)
  An ice dragon (D:15)
  An ogre mage (Vaults:2)
  23 centaur warriors
  9 alligators
  4 two-headed ogres
  6 ironbound frosthearts
  13 anacondas
  28 dancing weapons
  Erica (D:9)
  5 ironbound beastmasters
  7 death yaks
  Urug (Lair:2)
  8 orc high priests (Orc:2)
  9 naga sharpshooters
  9 shock serpents
  Nergalle (Lair:2)
  20 deep elf knights
  5 salamander mystics
  2 fire crabs
  4 skeletal warriors (D:13)
  A sun demon (Orc:2)
  9 goliath frogs
  2 spriggan druids
  A death drake (Swamp:4)
  A fire crab (shapeshifter) (Elf:2)
  An infernal demonspawn (Orc:2)
  29 deep trolls
  5 naga ritualists
  15 swamp dragons
  13 deep elf archers
  26 deep elf pyromancers
  2 necromancers
  An obsidian statue (D:10)
  4 bog bodies
  A torturous demonspawn (Orc:2)
  4 wizards
  6 lindwurms
  11 ironbound convokers
  9 orc knights
  22 deep elf zephyrmancers
  20 mana vipers
  18 ugly things
  6 orc sorcerers
  3 wolf spiders
  An oklob plant (Orc:2)
  A cyclops (D:13)
  8 elephants
  3 manticores
  7 will-o-the-wisps
  9 salamanders
  9 vault sentinels
  24 black mambas
  3 guardian serpents
  A torpor snail (Lair:6)
  A torpor snail (shapeshifter) (Vaults:1)
  21 naga magi
  9 cane toads
  2 efreet
  5 rime drakes
  17 yaktaurs
  Psyche (D:9)
  A tengu conjurer (D:13)
  A yaktaur skeleton (Vaults:2)
  A red devil (Orc:2)
  4 komodo dragons
  10 hornets
  A merfolk (shapeshifter) (Vaults:1)
  A troll (shapeshifter) (D:14)
  39 slime creatures
  9 tyrant leeches
  13 polar bears
  12 trolls
  Prince Ribbit (D:5)
  3 meliai (Lair:5)
  2 queen bees
  2 raiju
  10 blink frogs
  7 dream sheep
  Sigmund (D:4)
  7 spriggans
  A shadow (D:11)
  2 air elementals
  3 fire elementals
  2 ynoxinuls
  13 wyverns
  4 wraiths (Lair:5)
  A vampire (D:10)
  68 yaks
  6 humans (Swamp:3)
  3 water elementals
  A chaos spawn (Orc:2)
  15 vampire mosquitoes
  7 basilisks
  8 wargs
  Menkaure (D:7)
  A swamp worm (shapeshifter) (Vaults:1)
  56 nagas
  4 acid dragons
  20 swamp worms
  16 hell hounds (Lair:6)
  42 orc warriors
  11 swamp drakes
  20 water moccasins
  3 ice beasts (D:8)
  15 black bears
  3 ogres
  3 boggarts (D:14)
  4 necrophages
  27 wolves
  11 centaurs
  2 elf zombies (Ossuary)
  3 kobold brigands
  2 earth elementals
  14 bullfrogs
  A wyvern zombie (D:7)
  A gnoll sergeant (D:8)
  A scorpion (D:4)
  32 killer bees
  2 water moccasin skeletons
  5 wights (D:7)
  4 electric eels
  4 howler monkeys
  A bullfrog zombie (D:5)
  6 centaur zombies
  3 human simulacra (Vaults:2)
  3 jellies (Lair:5)
  4 hounds
  2 iron imps (Gauntlet)
  30 orc priests
  A bullfrog skeleton (D:4)
  A gnoll shaman (Orc:1)
  3 iguanas
  38 orc wizards
  13 hell rats
  A lightning spire (Gauntlet)
  3 hound skeletons
  4 howler monkey zombies
  3 mummies (Ossuary)
  15 gnolls
  7 adders
  A white imp (D:7)
  An ufetubus (D:5)
  4 adder zombies (Ossuary)
  A worm zombie (D:5)
  An adder skeleton (D:4)
  2 worms
  3 dart slugs
  110 orcs
  6 ball pythons
  5 bats
  6 endoplasms
  2 giant cockroaches (D:4)
  A gnoll zombie (Ossuary)
  6 goblins
  5 hobgoblins
  6 jackals
  4 quokkas
  3 frilled lizards
  2 goblin zombies (Ossuary)
  2 hobgoblin zombies (Ossuary)
  3 jackal zombies (Ossuary)
  21 kobolds
  7 kobold zombies (Ossuary)
  5 orc zombies (Ossuary)
  3 quokka zombies (Ossuary)
  8 rats
  3 rat zombies (Ossuary)
1606 creatures vanquished.

Vanquished Creatures (others)
  An ironbound preserver (Vaults:2)
  A deep elf archer (Elf:1)
  A killer bee (Lair:5)
  An orc priest (Orc:2)
  2 orc wizards (Orc:2)
  7 orcs
  13 demonic plants (Gauntlet)
  14 foxfires
  61 fungi
  78 plants
179 creatures vanquished.

Grand Total: 1785 creatures vanquished

Notes
Turn   | Place    | Note
-------+----------+-------------------------------------------
     0 | D:1      | st0uf the Gargoyle Earth Elementalist began the quest for
                  | the Orb.
     0 | D:1      | Reached XP level 1. HP: 10/10 MP: 3/3
   239 | D:1      | Reached skill level 4 in Earth Magic
   274 | D:1      | Reached XP level 2. HP: 12/15 MP: 5/5
   297 | D:1      | Found a faded altar of an unknown god.
   764 | D:1      | Reached XP level 3. HP: 19/19 MP: 6/6
   768 | D:1      | Learned a level 3 spell: Stone Arrow
  1381 | D:2      | Reached skill level 1 in Conjurations
  1582 | D:2      | Reached XP level 4. HP: 24/24 MP: 7/7
  1601 | D:2      | Found Faof's Antique Weapon Boutique.
  1735 | D:3      | Reached skill level 1 in Armour
  1830 | D:3      | Reached skill level 1 in Fighting
  1914 | D:3      | Reached XP level 5. HP: 28/29 MP: 3/8
  1960 | D:3      | Reached skill level 5 in Earth Magic
  2812 | D:4      | Reached XP level 6. HP: 34/34 MP: 9/9
  2897 | D:4      | Noticed Sigmund
  3159 | D:4      | Reached XP level 7. HP: 38/39 MP: 11/11
  3472 | D:4      | Killed Sigmund
  3473 | D:4      | Reached skill level 6 in Earth Magic
  3727 | D:5      | Entered Level 5 of the Dungeon
  3757 | D:5      | Reached skill level 1 in Throwing
  3808 | D:5      | Found a sand-covered staircase.
  3844 | Ossuary  | Entered an ossuary
  3906 | Ossuary  | Reached XP level 8. HP: 45/45 MP: 13/13
  3935 | Ossuary  | Learned a level 2 spell: Passwall
  4738 | D:5      | Reached skill level 5 in Armour
  4747 | D:5      | Noticed Prince Ribbit
  4776 | D:5      | Killed Prince Ribbit
  4777 | D:5      | Reached skill level 7 in Earth Magic
  4777 | D:5      | Reached XP level 9. HP: 52/52 MP: 9/16
  5027 | D:6      | Found Ribabumu's Book Shoppe.
  5510 | D:6      | Reached skill level 5 in Spellcasting
  5510 | D:6      | Reached skill level 5 in Conjurations
  6076 | D:7      | Noticed Menkaure
  6218 | D:7      | Killed Menkaure
  6329 | D:7      | Found a staircase to the Ecumenical Temple.
  6338 | Temple   | Entered the Ecumenical Temple
  6398 | Temple   | Became a worshipper of Vehumet
  6975 | D:7      | Found a shimmering blue altar of Sif Muna.
  6975 | D:7      | Found a broken altar of Ashenzari.
  7410 | D:8      | Reached skill level 8 in Earth Magic
  7582 | D:8      | Noticed Harold
  7669 | D:8      | Reached skill level 1 in Polearms
  7669 | D:8      | Reached XP level 10. HP: 56/56 MP: 12/18
  7950 | D:8      | Killed Harold
  7951 | D:8      | Reached skill level 5 in Stealth
  8278 | D:9      | Reached * piety under Vehumet
  8278 | D:9      | Offered knowledge of Freeze by Vehumet.
  8615 | D:9      | Reached skill level 9 in Earth Magic
  8811 | D:9      | Found Felympeq's Magic Scroll Shoppe.
  8851 | D:9      | Reached skill level 5 in Fighting
  9011 | D:9      | Noticed Psyche
  9014 | D:9      | Killed Psyche
  9015 | D:9      | Reached XP level 11. HP: 64/64 MP: 16/21
  9137 | D:9      | Noticed Erica
  9160 | D:9      | Killed Erica
  9273 | D:9      | Offered knowledge of Poisonous Vapours by Vehumet.
  9278 | D:9      | Learned a level 2 spell: Poisonous Vapours
  9388 | D:6      | Bought Keimoy's Guide on Unstable Conjuration for 463 gold
                  | pieces
  9394 | D:6      | Learned a level 5 spell: Lee's Rapid Deconstruction
  9472 | D:10     | Entered Level 10 of the Dungeon
  9504 | D:10     | Reached ** piety under Vehumet
  9540 | D:10     | Noticed an obsidian statue
  9543 | D:10     | Killed an obsidian statue
  9881 | D:10     | Found a staircase to the Lair.
  9947 | D:10     | Reached skill level 10 in Earth Magic
 10002 | D:10     | Learned a level 2 spell: Blink
 10006 | D:10     | Learned a level 3 spell: Mephitic Cloud
 10011 | D:10     | Learned a level 4 spell: Petrify
 10138 | D:10     | Found a hazy altar of Hepliaklqana.
 10139 | D:10     | Found a white marble altar of Elyvilon.
 10139 | D:10     | Found a hide-covered altar of Uskayaw.
 10147 | D:10     | Found an opulent altar of Gozag.
 10196 | D:10     | Reached skill level 1 in Transmutations
 10578 | D:10     | Offered knowledge of Inner Flame by Vehumet.
 10579 | D:10     | Reached skill level 1 in Translocations
 10733 | D:10     | Reached *** piety under Vehumet
 10796 | D:11     | Reached skill level 1 in Air Magic
 11227 | D:11     | Reached skill level 1 in Poison Magic
 11348 | D:11     | Offered knowledge of Dazzling Flash by Vehumet.
 11470 | D:11     | Found a staircase to the Orcish Mines.
 11513 | D:11     | Reached XP level 12. HP: 71/71 MP: 22/24
 12022 | D:12     | Noticed a seven-headed hydra
 12105 | D:12     | Noticed a six-headed hydra
 12113 | D:12     | Killed a six-headed hydra
 12429 | D:12     | Noticed a two-headed ogre
 12435 | D:12     | Killed a two-headed ogre
 12492 | D:12     | Killed a seven-headed hydra
 12833 | Lair:1   | Entered Level 1 of the Lair of Beasts
 12944 | Lair:1   | Reached **** piety under Vehumet
 12958 | Lair:1   | Offered knowledge of Iskenderun's Battlesphere by Vehumet.
 12965 | Lair:1   | Learned a level 5 spell: Iskenderun's Battlesphere
 13684 | Lair:2   | Noticed Nergalle
 13700 | Lair:2   | Reached skill level 11 in Earth Magic
 13881 | Lair:2   | Found a staircase to the Swamp.
 13937 | Lair:2   | Killed Nergalle
 14083 | Lair:2   | Reached XP level 13. HP: 63/78 MP: 6/26
 14240 | Lair:2   | Noticed Urug
 14267 | Lair:2   | Killed Urug
 14710 | Lair:2   | Reached ***** piety under Vehumet
 15042 | Lair:3   | Offered knowledge of Hailstorm by Vehumet.
 15396 | Lair:3   | Reached skill level 10 in Conjurations
 16360 | Lair:4   | Found a staircase to the Snake Pit.
 17111 | Lair:5   | Reached skill level 5 in Translocations
 17112 | Lair:5   | Reached skill level 12 in Earth Magic
 17265 | Lair:5   | Reached skill level 10 in Spellcasting
 17386 | Lair:5   | Found a staircase to the Slime Pits.
 17730 | Lair:5   | Noticed Josephine
 17765 | Lair:5   | Killed Josephine
 17766 | Lair:5   | Reached skill level 10 in Armour
 17797 | Lair:5   | Gained mutation: Your large and strong wings let you fly.
                  | [Gargoyle growth]
 17797 | Lair:5   | Reached XP level 14. HP: 84/84 MP: 6/28
 18928 | Lair:6   | Entered Level 6 of the Lair of Beasts
 19225 | Lair:5   | Offered knowledge of Bolt of Magma by Vehumet.
 19724 | Lair:6   | Learned a level 5 spell: Bolt of Magma
 19824 | Lair:6   | Reached skill level 1 in Fire Magic
 20803 | Lair:6   | Reached skill level 13 in Earth Magic
 21220 | Lair:6   | Reached XP level 15. HP: 91/91 MP: 23/30
 21355 | Lair:6   | Reached skill level 1 in Shields
 21620 | Lair:6   | Learned a level 6 spell: Iron Shot
 21971 | Lair:6   | Offered knowledge of Starburst by Vehumet.
 22895 | Orc:1    | Entered Level 1 of the Orcish Mines
 22999 | Orc:2    | Entered Level 2 of the Orcish Mines
 23345 | Orc:2    | Found Nougap's Magic Scroll Shop.
 23346 | Orc:2    | Found Kutuem's General Store.
 23405 | Orc:2    | Noticed an orc warlord
 23900 | Orc:2    | Killed an orc warlord
 24532 | Orc:2    | Found a staircase to the Elven Halls.
 24566 | Orc:2    | Paralysed by an orc sorcerer for 3 turns
 24654 | Orc:2    | Offered knowledge of Fireball by Vehumet.
 25040 | Orc:2    | Bought the ring "Ruwy" {Wiz rN+++ Stlth+} for 729 gold
                  | pieces
 25313 | Orc:2    | Reached skill level 5 in Poison Magic
 26017 | Orc:2    | Found Ymixkuw's Antique Armour Emporium.
 26017 | Orc:2    | Found a one-way gate leading to the halls of Pandemonium.
 26017 | Orc:2    | Found Liymuol's Jewellery Shoppe.
 26041 | Orc:2    | Bought a pair of heavily runed boots for 275 gold pieces
 26041 | Orc:2    | Identified the +0 pair of boots "Ichail" {Drain rF+ Will++
                  | Str+3} (You bought it in a shop on level 2 of the Orcish
                  | Mines)
 26335 | Orc:2    | Found a shimmering altar of Xom.
 26896 | Orc:1    | Found Toakkown's Antique Weapon Boutique.
 27243 | D:13     | Found a gate leading to a gauntlet.
 27257 | Gauntlet | Entered a Gauntlet
 27257 | Gauntlet | Found a transporter.
 27266 | Gauntlet | Found a transporter.
 27281 | Gauntlet | Found a transporter.
 27324 | Gauntlet | Found a transporter.
 27339 | Gauntlet | Found a transporter.
 27347 | Gauntlet | Found a transporter.
 27403 | Gauntlet | Found a transporter.
 27436 | Gauntlet | Found a transporter.
 27438 | Gauntlet | Found a transporter.
 27459 | Gauntlet | Found a transporter.
 27463 | Gauntlet | Found a transporter.
 27610 | Gauntlet | Found a transporter.
 27623 | Gauntlet | Found a transporter.
 27631 | Gauntlet | Identified the +2 helmet "Wim Neixt" {rPois rF- Regen+
                  | rCorr}
 27691 | Gauntlet | Found a transporter.
 27694 | Gauntlet | Found the +2 cloak of the Thief {*Fog Slay-2 SInv Stlth+}
 27696 | Gauntlet | Found a transporter.
 27831 | D:13     | Found a gate to the Vaults.
 28137 | D:13     | Reached skill level 5 in Shields
 28137 | D:13     | Reached XP level 16. HP: 96/96 MP: 2/32
 28300 | D:13     | Reached ****** piety under Vehumet
 29056 | D:13     | Identified the +0 chain mail of Lifelessness {Harm Fly rC-
                  | Stlth+}
 29057 | D:13     | Identified the +1 pair of boots of Tutiu {Will+}
 30275 | D:14     | Found a white marble altar of Elyvilon.
 30376 | D:14     | You are sucked into a shaft and drop 1 floor!
 30376 | D:15     | Entered Level 15 of the Dungeon
 30454 | D:14     | Learned a level 5 spell: Fireball
 31133 | D:14     | Reached skill level 14 in Earth Magic
 31865 | D:15     | Found a bloodstained altar of Trog.
 32186 | D:15     | HP: 2/97 [fire dragon/blast of flame (30)]
 32245 | D:15     | Offered knowledge of Eringya's Noxious Bog by Vehumet.
 32345 | D:15     | Found a staircase to the Depths.
 32525 | Orc:2    | Bought the amulet of Divine Intervention {RegenMP rF++
                  | rN+++ Dex-3} for 1038 gold pieces
 32726 | Swamp:1  | Entered Level 1 of the Swamp
 32764 | Swamp:1  | Identified the +1 leather armour "Rurauxky" {Harm Dex+3
                  | Slay+3}
 32976 | Swamp:1  | Identified a scroll of acquirement
 32976 | Swamp:1  | Acquired a staff of conjuration
 33359 | Swamp:1  | Reached skill level 5 in Fire Magic
 34368 | Swamp:3  | Reached XP level 17. HP: 101/101 MP: 15/34
 34373 | Swamp:3  | Learned a level 4 spell: Petrify
 34898 | Swamp:3  | Noticed Kirke
 34928 | Swamp:3  | Killed Kirke
 35656 | Swamp:4  | Entered Level 4 of the Swamp
 35702 | Swamp:4  | Offered knowledge of Irradiate by Vehumet.
 36675 | Swamp:4  | Noticed the 27-headed Lernaean hydra
 37040 | Swamp:4  | Killed the 27-headed Lernaean hydra
 37041 | Swamp:4  | Reached skill level 15 in Earth Magic
 37549 | Swamp:4  | Got a decaying rune of Zot
 37823 | Snake:1  | Entered Level 1 of the Snake Pit
 38120 | Snake:1  | Reached XP level 18. HP: 107/107 MP: 30/36
 38390 | Snake:1  | Found a burning altar of Makhleb.
 38493 | Snake:1  | Reached skill level 10 in Fighting
 39235 | Snake:2  | Noticed Aizul
 39261 | Snake:2  | Killed Aizul
 39355 | Snake:2  | Found a bloodstained altar of Trog.
 39636 | Snake:2  | Offered knowledge of Lehudib's Crystal Spear by Vehumet.
 39668 | Snake:2  | Learned a level 8 spell: Lehudib's Crystal Spear
 40103 | Snake:2  | Found an ancient bone altar of Kikubaaqudgha.
 40622 | Snake:3  | Identified Roxanne's Tome of Transmigration
 40622 | Snake:3  | Noticed Roxanne
 40630 | Snake:3  | Killed Roxanne
 41101 | Snake:3  | Found Ohuesog's General Store.
 41102 | Snake:3  | Found Vuar's Jewellery Emporium.
 41102 | Snake:3  | Found Ilingop's Weapon Shoppe.
 41142 | Snake:3  | Found Muaxzoa's Antique Weapon Shoppe.
 41150 | Snake:3  | Bought a pitted trident for 153 gold pieces
 41150 | Snake:3  | Identified the +7 trident of Melaun {vorpal, Int+3} (You
                  | bought it in a shop on level 3 of the Snake Pit)
 41348 | Snake:4  | Entered Level 4 of the Snake Pit
 41565 | Snake:4  | Reached skill level 10 in Shields
 41749 | Snake:4  | Noticed Vashnia
 41812 | Snake:4  | Reached skill level 16 in Earth Magic
 41937 | Snake:4  | Killed Vashnia
 42292 | Snake:4  | Offered knowledge of Fire Storm by Vehumet.
 42292 | Snake:4  | Offered knowledge of Shatter by Vehumet.
 42292 | Snake:4  | Offered knowledge of Chain Lightning by Vehumet.
 42293 | Snake:4  | Reached skill level 15 in Conjurations
 42293 | Snake:4  | Upgraded the game from 0.27-a0-1158-gaa87e14f67 to
                  | 0.27-a0-1177-g245c70e1c0
 42371 | Snake:4  | Reached skill level 15 in Spellcasting
 42545 | Snake:4  | Reached XP level 19. HP: 107/112 MP: 38/38
 44385 | Snake:4  | Got a serpentine rune of Zot
 44733 | Elf:1    | Entered Level 1 of the Elven Halls
 44750 | Elf:1    | You are sucked into a shaft and drop 1 floor!
 45089 | Elf:1    | Identified the +5 spear of Hacking and Slashing {antimagic,
                  | +Blink rF+}
 45214 | Elf:1    | You are sucked into a shaft and drop 1 floor!
 45738 | Elf:2    | Found a runed translucent door.
 45739 | Elf:2    | Found a runed translucent door.
 46046 | Elf:2    | Reached skill level 17 in Earth Magic
 46106 | Elf:2    | Found the +8 storm bow {elec, penet}
 46662 | Elf:1    | Reached XP level 20. HP: 117/117 MP: 18/40
 46953 | Elf:1    | Found a runed translucent gate.
 46953 | Elf:1    | Found a runed translucent gate.
 46953 | Elf:1    | Found a runed translucent gate.
 46953 | Elf:1    | Found a runed translucent gate.
 46953 | Elf:1    | Found a runed translucent gate.
 46954 | Elf:1    | Found a runed translucent gate.
 46964 | Elf:1    | Identified Faegorpha's Incunabulum of Confrontation and
                  | Dark Rites
 47241 | Elf:3    | Entered Level 3 of the Elven Halls
 48420 | Elf:3    | Noticed Bai Suzhen
 48430 | Elf:3    | Killed Bai Suzhen
 48633 | Elf:3    | Identified the amulet "Ribala Lieth" {Reflect Int+4 Slay+5
                  | SH+5}
 48838 | Elf:3    | Reached skill level 18 in Earth Magic
 48844 | Elf:3    | Identified the +7 falchion of Dried Tears {vorpal, rElec
                  | rCorr Str+2 Int-2}
 49281 | Elf:3    | Identified the +0 helmet "Othelash" {*Slow rElec rC+++
                  | Str+6}
 49288 | Elf:3    | Identified the Volume of Ashen Battle Magic
 49300 | Elf:3    | Identified the +5 hand crossbow "Momair" {vorpal, Fragile
                  | Dex+6}
 49318 | Elf:3    | Identified Rowuf's Disquisition on the Noxious Frostbite
 49373 | Elf:3    | Learned a level 4 spell: Olgreb's Toxic Radiance
 49377 | Elf:3    | Learned a level 3 spell: Ignite Poison
 49633 | Vaults:1 | Entered Level 1 of the Vaults
 49649 | Vaults:1 | Reached XP level 21. HP: 74/123 MP: 19/41
 49811 | Vaults:1 | Reached skill level 19 in Earth Magic
 50112 | Vaults:1 | Reached skill level 20 in Earth Magic
 50597 | Vaults:2 | Reached skill level 21 in Earth Magic
 50696 | Vaults:2 | Noticed Donald
 50698 | Vaults:2 | Killed Donald
 50728 | Vaults:2 | Noticed Mara
 50731 | Vaults:2 | Noticed st0uf's illusion
 50745 | Vaults:2 | Killed Mara
 50746 | Vaults:2 | Reached skill level 22 in Earth Magic
 50902 | Vaults:1 | Noticed Saint Roka
 50907 | Vaults:1 | Killed Saint Roka
 50908 | Vaults:1 | Reached skill level 23 in Earth Magic
 51691 | Vaults:2 | Found Tovvyigh's Jewellery Emporium.
 51696 | Vaults:2 | Bought a ring of see invisible for 330 gold pieces
 51812 | Vaults:2 | Reached XP level 22. HP: 125/128 MP: 40/43
 51815 | Vaults:2 | Noticed Boris
 51819 | Vaults:2 | Killed Boris
 52551 | Vaults:3 | Found a flickering gateway to a bazaar.
 52560 | Bazaar   | Entered a bazaar
 52574 | Bazaar   | Found Toveiq's Weapon Shoppe.
 52574 | Bazaar   | Found Yques's Armour Emporium.
 52596 | Bazaar   | Found Rele's Magic Scroll Shoppe.
 52596 | Bazaar   | Found Lourol's Jewellery Emporium.
 52664 | Bazaar   | Bought the ring "Neall" {rC+ Int+9} for 610 gold pieces
 52672 | Bazaar   | Bought a scroll of blinking for 82 gold pieces
 52672 | Bazaar   | Bought a scroll of magic mapping for 38 gold pieces
 52672 | Bazaar   | Bought a scroll of summoning for 104 gold pieces
 52672 | Bazaar   | Bought a scroll of immolation for 38 gold pieces
 52672 | Bazaar   | Bought 2 scrolls of magic mapping for 77 gold pieces
 52672 | Bazaar   | Bought a scroll of enchant weapon for 82 gold pieces
 52771 | Vaults:3 | Found Imoif's General Store.
 52775 | Vaults:3 | Bought a potion of heal wounds for 90 gold pieces
 52775 | Vaults:3 | Bought a potion of haste for 180 gold pieces
 53164 | Vaults:3 | Learned a level 3 spell: Mephitic Cloud
 53268 | Vaults:3 | Identified Amedeedd's Handbook of the Noxious Rocks
 53490 | Vaults:3 | Noticed Mennas
 53574 | Vaults:3 | Slain by Mennas

Illustrated notes

Levels and vault maps discovered:
D:1:      lightli_arrival_quake, layout_loops_ring, basic_ecumenical_altar
D:2:      layout_rooms, serial_shops, shop
D:3:      layout_basic, serial_curves, eino_curves_03, eino_curves_01
D:4:      layout_cave_pools, minmay_fountain_box, uniq_sigmund
D:5:      layout_rooms, enter_ossuary_3, minmay_misc_feat_more_columns,
          corexii_leaking_fountain, grunt_ministairs_13, uniq_prince_ribbit1
D:6:      layout_loops_cross, serial_shops, shop_statue
D:7:      layout_cave_pools, gammafunk_temple_overflow_pools,
          minmay_temple_entry_mini_moons, serial_co_window_serial,
          co_window_corner_a, co_window_corner_a, co_window_corner_a,
          co_window_paths_a, co_window_paths_a, co_window_of_opportunity_c,
          co_window_broadway_c, co_window_corner_ca, co_window_broadway_c,
          co_window_2corner, co_window_4corner_b, uniq_menkaure
D:8:      layout_rooms, uniq_harold
D:9:      layout_irregular_city, serial_shops, nicolae_shop_statue_plus,
          uniq_psyche, uniq_erica
D:10:     layout_stronghold, chequers_temple_overflow_statue_of_worship,
          minmay_lair_entry_grove, minivault_16
D:11:     layout_basic, hiddenorc2_lemuel
D:12:     layout_basic
D:13:     layout_cave_pods, david_vaults_5, gauntlet_entry_generic,
          enter_bailey_8, minmay_hollow_rounded_squares
D:14:     layout_basic, nicolae_elyvilon_temple_path
D:15:     grunt_enter_depths_hoard, layout_loops_ring, hangedman_decor_lopped,
          bloody_trog
Temple:   nicolae_temple_elliptical
Lair:1:   layout_roguey, st_stairs_11
Lair:2:   layout_hall_layers, nicolae_swamp_entry_splash_gauntlet,
          nicolae_quartered_pool_medium, uniq_urug, uniq_nergalle
Lair:3:   layout_small_grid
Lair:4:   layout_gridlike, guppyfry_snake_entry_garden
Lair:5:   beast_lair_carwin_large_3, layout_layer_cave,
          minmay_slime_entry_pillars, special_room [special_room_bee],
          gammafunk_lair_bear_cave, uniq_josephine
Lair:6:   hangedman_lair_caniforms_friends, layout_long_grid,
          hangedman_lair_in_review, special_room [special_room_mythical_zoo],
          fungi_pond_lemuel
Swamp:1:  layout_basic_swamp, evilmike_swamp_ruin_house_3
Swamp:2:  layout_basic_swamp, nicolae_swamp_ascending_descending, swamp_pool2
Swamp:3:  layout_basic_swamp, hangedman_swamp_ruin_wall,
          nicolae_swamp_bloodsuckers_inc, uniq_kirke
Swamp:4:  swamp_old_school, layout_basic_swamp, swamp_pool1,
          nicolae_swamp_drake_lake
Snake:1:  layout_chambers, basic_altar, lemuel_fruit_tree, grunt_megastairs_3
Snake:2:  layout_layer_cave, hangedman_feature_mirror, drop_trap, uniq_aizul
Snake:3:  layout_cave_pods, drop_trap, minmay_shoptagon, uniq_roxanne
Snake:4:  minmay_snake_end_coiled, layout_gridlike, grunt_megastairs_4,
          uniq_vashnia
Orc:1:    layout_caves, serial_shops, shop
Orc:2:    pf_orc_diabolical, layout_diamond_mine, lemuel_statue_altar,
          mines3_lemuel
Elf:1:    layout_geoelf_grid, orc_legates
Elf:2:    layout_geoelf_grid, grunt_ministairs_6
Elf:3:    minmay_elf_hall_furrowed, layout_gridlike, uniq_bai_suzhen
Vaults:1: ontoclasm_vaults_misaligned, vaults_room_stairs_pillars,
          vaults_dpeg_encased_lava, nicolae_vaults_little_squares_2,
          dpeg_vaults_waves, vaults_mumra_minichess_inversion,
          vaults_room_grunt_arrival_ludios, vaults_room_octagon,
          vaults_dpeg_cross, vaults_mumra_lcd, hangedman_vaults_cutoff,
          v_misc_15, vaults_dpeg_diagonal, layout_vaults_omnicross,
          uniq_saint_roka
Vaults:2: v_misc_18, v_misc_12, nicolae_vaults_network_star, v_pattern_2,
          ontoclasm_vaults_fault, nicolae_vaults_what_the_h,
          hangedman_vaults_snaps, nicolae_vaults_shelves_hall,
          ontoclasm_vaults_twist, vaults_mumra_bighexcomb,
          layout_vaults_omnibox, serial_shops, shop, uniq_mara, uniq_donald,
          uniq_boris
Vaults:3: nicolae_vaults_big_ls, vaults_mumra_hexcomb, v_misc_33,
          blue_anna_dwarven_crypt, ontoclasm_vaults_misaligned,
          hangedman_vaults_corner, nicolae_vaults_gold_heap,
          dpeg_vaults_monster_row, vaults_mumra_hex, layout_vaults_omnigrid,
          serial_shops, bzr_firewalk, shop, uniq_mennas

Skill      XL: |  1  2  3  4  5  6  7  8  9 10 11 12 13 14 15 16 17 18 19 20 21 22 |
---------------+-------------------------------------------------------------------+-----
Earth Magic    | 4 5 6 7 8 9 10 11 12 13 14 15 16 17 18 23 | 23.5
Conjurations   | 1 2 3 4 5 7 8 9 10 11 12 13 14 15 16 | 16.9
Stealth        | 3 4 5 6 |  6.5
Armour         | 1 2 3 4 5 6 7 8 9 10 11 | 11.6
Fighting       | 1 2 3 4 5 6 8 9 10 11 | 11.5
Spellcasting   | 3 4 5 7 8 9 10 11 12 13 14 15 16 17 | 17.7
Throwing       | 1 2 3 4 |  4.0
Polearms       | 1 |  1.0
Transmutations | 1 2 4 |  4.0
Translocations | 1 3 5 6 |  6.1
Air Magic      | 1 2 |  2.0
Poison Magic   | 2 4 5 6 8 |  8.4
Fire Magic     | 2 4 5 7 8 |  8.8
Shields        | 5 7 8 10 12 13 14 | 14.0
Dodging        | |  1.5

Action                   |  1- 3 |  4- 6 |  7- 9 | 10-12 | 13-15 | 16-18 | 19-21 | 22-24 || total
-------------------------+-------+-------+-------+-------+-------+-------+-------+-------++-------
Melee: Unarmed           |   421 |    26 |       |       |       |       |       |       ||   447
       Dagger            |       |   125 |   454 |       |       |       |       |       ||   579
       Demon trident     |       |       |    31 |   649 |   968 |   317 |       |       ||  1965
       Staff             |       |       |       |       |       |     9 |       |       ||     9
       Trident           |       |       |       |       |       |   107 |    78 |    36 ||   221
Throw: Dart              |       |       |    93 |   123 |     8 |       |       |       ||   224
 Cast: Sandblast         |     3 |    39 |    66 |    73 |   220 |     2 |       |       ||   403
       Stone Arrow       |       |       |    21 |    97 |   247 |   988 |   585 |       ||  1938
       Passwall          |       |       |     1 |       |     2 |       |       |       ||     3
       Lee's Rapid Decon |       |       |       |     3 |    79 |     3 |    32 |    14 ||   131
       Mephitic Cloud    |       |       |       |     1 |    29 |     5 |       |     2 ||    37
       Iskenderun's Batt |       |       |       |     1 |       |     2 |    10 |       ||    13
       Poisonous Vapours |       |       |       |       |   386 |   166 |    41 |    23 ||   616
       Petrify           |       |       |       |       |     1 |    14 |       |       ||    15
       Bolt of Magma     |       |       |       |       |    13 |     4 |    11 |     1 ||    29
       Blink             |       |       |       |       |     7 |     4 |     4 |       ||    15
       Iron Shot         |       |       |       |       |       |    43 |    81 |     6 ||   130
       Lehudib's Crystal |       |       |       |       |       |     1 |    77 |    22 ||   100
       Olgreb's Toxic Ra |       |       |       |       |       |       |    41 |    30 ||    71
       Ignite Poison     |       |       |       |       |       |       |    63 |    58 ||   121
       Fireball          |       |       |       |       |       |       |     2 |     6 ||     8
  Use: Scroll            |       |       |       |    11 |    14 |    14 |    13 |     1 ||    53
 Stab: Sleeping          |     7 |     5 |     5 |     2 |     4 |     1 |       |       ||    24
       Distracted        |       |       |     1 |       |       |     1 |       |       ||     2
       Confused          |       |       |       |     1 |    10 |     1 |       |       ||    12
       Petrified         |       |       |       |       |    95 |    39 |       |       ||   134
       Petrifying        |       |       |       |       |     1 |     1 |       |       ||     2
Armor: Robe              |   105 |       |       |       |       |       |       |       ||   105
       Troll leather arm |    43 |    69 |   317 |   678 |  1819 |   626 |   207 |    90 ||  3849
Dodge: Dodged            |   259 |    75 |   295 |   622 |  1101 |   423 |   112 |    38 ||  2925
Block: Buckler           |       |       |       |       |    15 |   142 |       |       ||   157
       Kite shield       |       |       |       |       |       |   222 |   270 |   147 ||   639
       Reflection        |       |       |       |       |       |       |    10 |    39 ||    49

Table legend: (Time is in decaauts)
 A = Elapsed time spent in this place.
 B = Non-inter-level travel time spent in this place.
 C = Inter-level travel time spent in this place.
 D = Time resting spent in this place.
 E = Time spent auto-exploring this place.
 F = Levels seen in this place.
 G = Mean time per level.
                   A        B        C        D        E       F      G
               +--------+--------+--------+--------+--------+-----+--------+
         Total |  54220 |  51383 |   2837 |   4431 |  23378 |  41 | 1322.4 |
       Dungeon |  17299 |  16357 |    942 |    907 |  10073 |  15 | 1153.3 |
        Temple |    109 |    102 |      7 |      0 |     93 |   1 |  109.0 |
          Lair |  10542 |   9770 |    772 |    887 |   5195 |   6 | 1757.0 |
         Swamp |   5036 |   4890 |    146 |    612 |   2547 |   4 | 1259.0 |
     Snake Pit |   6794 |   6464 |    330 |    543 |   2532 |   4 | 1698.5 |
  Orcish Mines |   4601 |   4313 |    288 |    274 |     21 |   2 | 2300.5 |
   Elven Halls |   4752 |   4612 |    140 |    697 |   1435 |   3 | 1584.0 |
        Vaults |   3843 |   3633 |    210 |    382 |   1440 |   3 | 1281.0 |
        Bazaar |    144 |    144 |      0 |      0 |      0 |   1 |  144.0 |
       Ossuary |    541 |    541 |      0 |     76 |     42 |   1 |  541.0 |
      Gauntlet |    554 |    554 |      0 |     53 |      0 |   1 |  554.0 |
               +--------+--------+--------+--------+--------+-----+--------+

Top non-repeatable levels by time:
   Orc:2: 4004 daAuts
  Lair:6: 3175 daAuts
 Snake:4: 2819 daAuts
  Lair:5: 2709 daAuts
    D:13: 2125 daAuts
 Swamp:4: 1958 daAuts
   Elf:3: 1919 daAuts
   Elf:2: 1798 daAuts
  Lair:2: 1599 daAuts
 Swamp:3: 1588 daAuts
 Snake:2: 1571 daAuts
    D:14: 1461 daAuts
    D:11: 1456 daAuts
Vaults:2: 1432 daAuts
 Snake:1: 1419 daAuts
